 Dungeon Crawl Stone Soup version 0.20-a0-959-gdc9e609 (webtiles) character file.

203 krabocopter the Skirmisher (level 5, -2/63 HPs)
             Began as a Demonspawn Gladiator on Apr 6, 2017.
             Was an Initiate of Ashenzari.
             Slain by an iguana (3 damage)
             ... on level 4 of the Dungeon.
             The game lasted 00:07:28 (2212 turns).

krabocopter the Skirmisher (Demonspawn Gladiator)   Turns: 2212, Time: 00:07:29

Health: -2/63      AC: 25    Str: 15    XL:     5   Next: 51%
Magic:  5/5        EV:  2    Int: 10    God:    Ashenzari [......]
Gold:   191        SH:  3    Dex: 16    Spells: 4/4 levels left

rFire    . . .     SeeInvis .   z - +2 short sword (speed)
rCold    . . .     Gourm    .   m - +0 buckler
rNeg     + + +     Faith    .   (armour currently unavailable)
rPois    +         Spirit   .   (helmet currently unavailable)
rElec    .         Reflect  .   (cloak currently unavailable)
rCorr    .         Harm     .   (gloves currently unavailable)
MR       .....     NoTele   +   (boots currently unavailable)
Stlth    +++.......             (no amulet)
Regen    0.2/turn               y - +2 ring of protection
MPRegen  0.1/turn               w - +1 ring of protection

@: tree-form
A: thin skeletal structure 1, demonic guardian 1
a: Curse Item, Renounce Religion


You were on level 4 of the Dungeon.
You worshipped Ashenzari.
Ashenzari was noncommittal.
You were not hungry.
You were a tree.
You visited 2 branches of the dungeon, and saw 5 of its levels.

You collected 191 gold pieces.

Inventory:

Hand Weapons
 a - a +0 long sword
 x - a +1 whip of flaming
 z - a +2 short sword of speed (weapon)
Missiles
 d - 3 throwing nets (quivered)
Armour
 b - a +0 leather armour (melded)
 c - a +0 helmet (melded)
 e - a cursed +0 pair of boots (melded)
 m - a +0 buckler (worn)
Jewellery
 w - a +1 ring of protection (right branch)
 y - a +2 ring of protection (left branch)
Wands
 s - a wand of digging (0/24)
Scrolls
 h - 2 scrolls of recharging
 n - a scroll of random uselessness {unknown}
 r - 2 scrolls of amnesia {unknown}
 C - 4 scrolls of teleportation {unknown}
Potions
 g - a potion of flight
 i - a potion of heal wounds {unknown}
 j - a potion of curing {unknown}
 l - a potion of haste {unknown}
 t - a potion of lignification
 u - a potion of mutation {unknown}
 v - 2 potions of brilliance {unknown}
 B - a potion of agility {unknown}
Books
 A - a book of Cantrips

   Spells                             Type                      Level
   a - Confusing Touch                Hexes                        1
   b - Animate Skeleton               Necromancy                   1
   c - Summon Small Mammal            Summoning                    1
   d - Apportation                    Translocation                1
Comestibles
 f - 3 bread rations
 k - 2 fruits
 p - 3 chunks of flesh
 q - a meat ration


   Skills:
 - Level 4.2 Fighting
 + Level 1.2(2.2) Short Blades
 - Level 2.8(3.0) Long Blades
 - Level 1.7 Throwing
 - Level 2.6 Dodging
 * Level 3.1 Stealth


You had 4 spell levels left.
You didn't know any spells.

Dungeon Overview and Level Annotations

Branches:
Dungeon (4/15)             Temple (1/1) D:4

Altars:
Ashenzari
Cheibriados
Elyvilon
Fedhas
Gozag
Makhleb
Nemelex Xobeh
Okawaru
Qazlal
Ru
Trog
Uskayaw
Vehumet
Wu Jian
Xom
Yredelemnul
Zin
The Shining One


Innate Abilities, Weirdness & Mutations

You have a somewhat thin skeletal structure. (Dex +2, Stealth)
A weak demonic guardian rushes to your aid.


Message History

You hit the iguana but do no damage. You barely miss the iguana.
The iguana misses you.
You hit the iguana but do no damage. The iguana closely misses you.
It was a potion of flight.
You feel very buoyant.
You fly up into the air.
The iguana barely misses you.
You closely miss the iguana. You barely miss the iguana.
You block the iguana's attack.
You hit the iguana. The iguana bites you!
* * * LOW HITPOINT WARNING * * *
You take 11 damage, and have 10/42 hp.
MASSIVE DAMAGE!!
You hit the iguana. The iguana bites you!
* * * LOW HITPOINT WARNING * * *
You take 9 damage, and have 1/42 hp.
MASSIVE DAMAGE!!
It was a potion of lignification.
You turn into a tree.
Your +0 helmet melds into your body.
Your cursed +0 pair of boots melds into your body.
Your +0 leather armour melds into your body.
Your roots penetrate the ground.
The iguana bites you.
You die...

.....<.).))..(........#
#.....................#
#...............)##..##
......>..........##..##
......................#
......................#
...##..##...#######..##
#.[##..##...###..##..##
#...............♣.....#
................l.....#
.......##....##.......#
...##..#####+##....$..#
...##### +.......#
##### ....#..#
#..##..## ##....
#...#..# +##########+#
#..... #...').##....##.
#..... ##'##...#......
#.....


You could see an iguana.

Vanquished Creatures
  A hound (D:4)
  An orc priest (D:4)
  Jessica (D:2)
  Natasha (twice) (D:3)
  An adder (D:4)
  4 worms
  A dart slug (D:3)
  2 leopard geckos (D:3)
  2 orcs
  3 giant cockroaches
  2 goblins (D:2)
  2 hobgoblins
  2 jackals (D:4)
  2 bats
  4 frilled lizards
  3 kobolds
  8 rats
41 creatures vanquished.

Vanquished Creatures (collateral kills)
  Natasha (D:3)
  3 orcs (D:4)
4 creatures vanquished.

Grand Total: 45 creatures vanquished

Notes
Turn   | Place    | Note
-------+----------+-------------------------------------------
     0 | D:1      | krabocopter the Demonspawn Gladiator began the quest for the Orb.
     0 | D:1      | Reached XP level 1. HP: 16/16 MP: 1/1
   338 | D:1      | Gained mutation: You have a somewhat thin skeletal structure. (Dex +2, Stealth) [demonic ancestry]
   338 | D:1      | Reached XP level 2. HP: 23/23 MP: 2/2
   818 | D:2      | Noticed Jessica
   824 | D:2      | Killed Jessica
   824 | D:2      | Reached skill level 3 in Fighting
   824 | D:2      | Reached skill level 1 in Stealth
   824 | D:2      | Reached XP level 3. HP: 26/29 MP: 3/3
  1142 | D:3      | Noticed Natasha
  1154 | D:3      | Killed Natasha
  1154 | D:3      | Gained mutation: A weak demonic guardian rushes to your aid. [demonic ancestry]
  1154 | D:3      | Reached XP level 4. HP: 36/37 MP: 4/4
  1188 | D:3      | Noticed Natasha
  1198 | D:3      | Killed Natasha
  1198 | D:3      | Reached skill level 4 in Fighting
  1309 | D:3      | Noticed Natasha
  1315 | D:3      | Killed Natasha
  1770 | D:4      | Reached XP level 5. HP: 24/42 MP: 5/5
  1961 | D:4      | Reached skill level 1 in Short Blades
  2057 | D:4      | Found a staircase to the Ecumenical Temple.
  2063 | Temple   | Entered the Ecumenical Temple
  2070 | Temple   | Became a worshipper of Ashenzari the Shackled
  2211 | D:4      | HP: 1/42 [iguana (10)]
  2212 | D:4      | Slain by an iguana

Vault maps used:
D:1:      lightli_arrival_chessboard
D:2:      first_bread, uniq_jessica
D:3:      uniq_natasha
D:4:      old_standard_altar, minmay_temple_entry_enclosed_plants
Temple:   nicolae_temple_no_exploring_needed

Skill      XL: |  1  2  3  4  5 |
---------------+----------------+-----
Fighting       | 3 4 |  4.2
Stealth        | 1 2 3 |  3.1
Short Blades   | 1 |  1.2
Long Blades    | |  2.8
Throwing       | |  1.7
Dodging        | |  2.6

Action                   |  1- 3 |  4- 6 || total
-------------------------+-------+-------++-------
Melee: Long sword        |    11 |       ||    11
       Short sword       |    34 |    94 ||   128
Invok: Curse Item        |       |     1 ||     1
  Use: Scroll            |     2 |       ||     2
       Potion            |       |     2 ||     2
 Stab: Sleeping          |     4 |     5 ||     9
  Eat: Chunk             |     1 |     3 ||     4
Armor: Leather armour    |     9 |    18 ||    27
Dodge: Dodged            |    18 |    27 ||    45
Block: Buckler           |       |    12 ||    12
       Rpst.: Long sword |     3 |       ||     3
